 Dungeon Crawl Stone Soup version 0.28-a0-664-gc179e30c89 (webtiles) character file.

Game seed: 7112473690947909004

157 kipponium the Cudgeller (level 5, 0/40 (41) HPs)
             Began as a Demonspawn Abyssal Knight on Oct 16, 2021.
             Was a Believer of Lugonu.
             Slain by a necrophage (1 damage)
             ... on level 4 of the Dungeon.
             The game lasted 00:07:25 (2907 turns).

kipponium the Cudgeller (Demonspawn Abyssal Knight) Turns: 2907, Time: 00:07:25

HP:   0/40 (41)     AC:  3    Str: 13 (14) XL:     5   Next: 15%
MP:   6/6           EV: 15    Int: 11      God:    Lugonu [**....]
Gold: 173           SH:  0    Dex: 14      Spells: 4/4 levels left

rFire   . . .      SeeInvis .   a - +1 mace
rCold   . . .      Faith    .   (no shield)
rNeg    . . .      Spirit   .   b - +0 leather armour
rPois   .          Reflect  .   (helmet restricted)
rElec   .          Harm     .   (no cloak)
rCorr   .          Rampage  .   (no gloves)
Will    .....                   (no boots)
Stlth   +.........              j - amulet of the acrobat
HPRegen 0.13/turn               c - +4 ring of evasion
MPRegen 0.10/turn               (no ring)

@: lightly drained
A: antennae 2, spiny 1
a: Renounce Religion, Depart the Abyss, Bend Space


You were on level 4 of the Dungeon.
You worshipped Lugonu.
Lugonu was pleased with you.
You visited 1 branch of the dungeon, and saw 4 of its levels.
You visited the Abyss 1 time.

You collected 173 gold pieces.

Inventory:

Hand Weapons
 a - a +1 mace (weapon)
 d - a +7 club
Armour
 b - a +0 leather armour (worn)
Jewellery
 c - a +4 ring of evasion (left hand)
 j - an amulet of the acrobat (around neck)
Wands
 n - a wand of flame (8)
Scrolls
 e - 2 scrolls of fog {unknown}
 f - 2 scrolls of amnesia {unknown}
 h - 2 scrolls of fear {unknown}
 i - a scroll of blinking {unknown}
 k - a scroll of summoning {unknown}
 l - a scroll of identify {unknown}
Potions
 g - a potion of mutation {unknown}
 m - a potion of flight {unknown}
 o - a potion of cancellation {unknown}


   Skills:
 - Level 3.2 Fighting
 * Level 4.8 Maces & Flails
 - Level 1.7 Armour
 - Level 0.8 Dodging
 - Level 2.5 Invocations


You had 4 spell levels left.
You didn't know any spells.
Your spell library was empty.

Dungeon Overview and Level Annotations

Branches:
Dungeon (4/15)
 Temple: D:4-7

Altars:
Trog

Shops:
D:1 (

Annotations:
D:1 1 runed translucent door


Innate Abilities, Weirdness & Mutations

You have a pair of antennae on your head.
You are partially covered in sharp spines.


Message History

You hit Robin.
Robin is almost dead.
Robin hits you but does no damage.
You closely miss Robin.
Robin is almost dead.
Robin hits you but does no damage.
You hit Robin.
You kill Robin!
Lugonu accepts your kill.
You feel your dexterity returning.
You climb downwards.
You hear the hiss of flowing sand.
There is an entrance to an ossuary on this level.
Hurry and find it before the portal is buried!
The iguana hisses angrily.
The goblin is struck by your spines.
You kill the goblin!
Lugonu accepts your kill. The goblin is struck by your spines.
The goblin closely misses you.
There is a stone staircase leading up here.
You hit the kobold.
You kill the kobold!
Lugonu accepts your kill.
A necrophage comes into view.
The goblin is struck by your spines.
You kill the goblin!
Lugonu accepts your kill. The dart slug launches a dart at you.
The slug dart hits you.
You hit the iguana but do no damage. The iguana bites you!
You hit the iguana.
The iguana is moderately wounded.
The iguana is struck by your spines. The iguana bites you!
* * * LOW HITPOINT WARNING * * *
The dart slug launches a dart at you. The slug dart misses you.
The slug dart hits the iguana.
The iguana misses you.
The necrophage is struck by your spines.
The necrophage hits you.
* * * LOW HITPOINT WARNING * * *
You feel drained.
You die...

.. .. . ###.#
#. #...# #.
.w.. # .
#..#..####..
...#..#........
........)......
#..@)......
###ln......
##.......
....... .......
.)...## #....#
.#...


You could see a necrophage, an iguana and a dart slug.

Vanquished Creatures
  Jessica (D:2)
  Ijyb (D:3)
  Robin (D:3)
  A gnoll (D:1)
  An adder (D:3)
  A worm (D:2)
  A dart slug (D:1)
  3 orcs
  4 endoplasms
  A giant cockroach (D:3)
  14 goblins
  7 hobgoblins
  5 quokkas
  4 ball pythons
  3 bats
  4 frilled lizards
  7 kobolds
  7 rats
  A spectral kobold (D:2)
  A butterfly (D:2)
68 creatures vanquished.

Vanquished Creatures (others)
  2 plants (D:2)
2 creatures vanquished.

Grand Total: 70 creatures vanquished

Notes
Turn   | Place    | Note
-------+----------+-------------------------------------------
     0 | Abyss:1  | kipponium the Demonspawn Abyssal Knight began the quest for
                  | the Orb.
     0 | Abyss:1  | Reached XP level 1. HP: 18/18 MP: 2/2
    68 | Abyss:1  | Noticed a large abomination
    72 | D:1      | Escaped the Abyss
    86 | D:1      | Found a runed translucent door.
   275 | D:1      | Reached skill level 2 in Maces & Flails
   388 | D:1      | Gained mutation: You are partially covered in sharp spines.
                  | [demonic ancestry]
   388 | D:1      | Reached XP level 2. HP: 24/24 MP: 3/3
   449 | D:1      | Reached * piety under Lugonu
   636 | D:1      | Found Ruqac's Weapon Boutique.
  1121 | D:2      | Noticed Jessica
  1124 | D:2      | Reached skill level 3 in Maces & Flails
  1124 | D:2      | Reached XP level 3. HP: 10/29 MP: 4/4
  1129 | D:2      | Killed Jessica
  1577 | D:2      | Found a faded altar of an unknown god.
  1615 | D:2      | Gained mutation: You have a pair of small antennae on your
                  | head. [demonic ancestry]
  1615 | D:2      | Reached XP level 4. HP: 35/35 MP: 5/5
  2036 | D:3      | Reached skill level 4 in Maces & Flails
  2317 | D:3      | Reached ** piety under Lugonu
  2398 | D:3      | Found a bloodstained altar of Trog.
  2457 | D:3      | Noticed Ijyb
  2476 | D:3      | Killed Ijyb
  2876 | D:4      | Noticed Robin
  2884 | D:3      | Gained mutation: You have a pair of antennae on your head.
                  | [demonic ancestry]
  2884 | D:3      | Reached XP level 5. HP: 34/41 MP: 6/6
  2900 | D:3      | Killed Robin
  2903 | D:4      | Noticed a necrophage
  2907 | D:4      | HP: 1/41 [necrophage (5)]
  2907 | D:4      | Slain by a necrophage

Illustrated notes

Levels and vault maps discovered:
D:1:      dpeg_arrival_caged_fury, layout_basic, serial_shops, shop
D:2:      cheibrodos_helix_gallery, layout_basic,
          dreamdust_ecumenical_altar_drowned_temple, hangedman_glass_garden,
          lemuel_old_faithful, uniq_jessica
D:3:      layout_basic, trog_book, uniq_ijyb
D:4:      layout_cave_pools, nicolae_ossuary_entry_ruins, uniq_grinder,
          uniq_edmund, uniq_robin

Skill      XL: |  1  2  3  4 |
---------------+-------------+-----
Maces & Flails | 2 3 4 |  4.8
Fighting       | |  3.2
Armour         | |  1.7
Dodging        | |  0.8
Invocations    | |  2.5

Action                   |  1- 3 |  4- 6 || total
-------------------------+-------+-------++-------
Melee: Mace              |    76 |    64 ||   140
Invok: Depart the Abyss  |     1 |       ||     1
  Use: Potion            |     4 |       ||     4
 Stab: Sleeping          |     1 |     1 ||     2
Armor: Leather armour    |     9 |     8 ||    17
Dodge: Dodged            |    56 |    34 ||    90

Table legend: (Time is in decaauts)
 A = Elapsed time spent in this place.
 B = Non-inter-level travel time spent in this place.
 C = Inter-level travel time spent in this place.
 D = Time resting spent in this place.
 E = Time spent auto-exploring this place.
 F = Levels seen in this place.
 G = Mean time per level.
                   A        B        C        D        E       F      G
               +--------+--------+--------+--------+--------+-----+--------+
         Total |   2959 |   2918 |     41 |    825 |   1476 |   5 |  591.8 |
       Dungeon |   2887 |   2846 |     41 |    825 |   1476 |   4 |  721.8 |
         Abyss |     72 |     72 |      0 |      0 |      0 |   1 |   72.0 |
               +--------+--------+--------+--------+--------+-----+--------+

Top non-repeatable levels by time:
     D:3: 1045 daAuts
     D:1: 1005 daAuts
     D:2: 822 daAuts
 Abyss:1: 72 daAuts
     D:4: 12 daAuts
